 Dungeon Crawl Stone Soup version 0.21.1-1-g345015fe64 (webtiles) character file.

268 Descartes the Insei (level 6, -1/30 HPs)
             Began as a Vine Stalker Transmuter on July 3, 2018.
             Slain by a worker ant (4 damage)
             ... on level 4 of the Dungeon.
             The game lasted 00:36:23 (4663 turns).

Descartes the Insei (Vine Stalker Transmuter)       Turns: 4663, Time: 00:36:24

Health: -1/30      AC:  3    Str: 13    XL:     6   Next: 21%
Magic:  0/11       EV: 10    Int: 15    God:
Gold:   247        SH:  7    Dex: 14    Spells: 0/11 levels left

rFire    . . .     SeeInvis .   p - +0 dagger (elec)
rCold    . . .     Gourm    .   e - +0 shield
rNeg     . . .     Faith    .   b - +0 robe
rPois    .         Spirit   +   (no helmet)
rElec    .         Reflect  .   (no cloak)
rCorr    .         Harm     .   i - +0 pair of gloves
MR       .....                  (no boots)
Stlth    ++........             (no amulet)
HPRegen  0.50/turn              (no ring)
MPRegen  0.12/turn              (no ring)

@: lethally poisoned (-1 -> -2), slightly contaminated
A: fangs 2, regeneration 1, magic shield, antimagic bite, no potion heal 3, rot
immunity
a: no special abilities


You were on level 4 of the Dungeon.
You were hungry.

You visited 1 branch of the dungeon, and saw 4 of its levels.

You collected 247 gold pieces.

Inventory:

Hand Weapons
 m - a +0 spear
 p - a +0 dagger of electrocution (weapon)
 A - a +0 quarterstaff
Missiles
 a - 75 arrows
 h - 143 stones (quivered)
 t - 60 bolts
Armour
 b - a +0 robe (worn)
 e - a +0 shield (worn)
 i - a +0 pair of gloves (worn)
 u - a +0 chain mail
 v - a +0 ring mail
Jewellery
 r - an uncursed amulet of regeneration {unknown}
Scrolls
 n - a scroll of immolation
 o - a scroll of blinking {unknown}
 s - a scroll of identify
 x - a scroll of teleportation
 y - a scroll of fog
Potions
 f - 2 potions of brilliance
 g - 2 potions of agility {unknown}
 j - a potion of curing {unknown}
 k - a potion of haste {unknown}
 l - a potion of berserk rage {unknown}
 q - 3 potions of cancellation {unknown}
 w - 2 potions of flight {unknown}
 z - 2 potions of ambrosia {unknown}
Books
 c - a book of Changes

   Spells                             Type                      Level
   a - Beastly Appendage              Transmutation                1
   b - Sticks to Snakes               Transmutation                2
   c - Spider Form                    Transmutation/Poison         3
   d - Ice Form                       Ice/Transmutation            4
   e - Blade Hands                    Transmutation                5
Comestibles
 d - 7 rations
 B - a chunk of flesh


   Skills:
 + Level 1.1 Fighting
 - Level 1.0 Short Blades
 + Level 0.3 Armour
 * Level 2.6 Dodging
 + Level 2.1 Stealth
 * Level 1.5 Shields
 * Level 3.7 Unarmed Combat
 - Level 3.0 Spellcasting
 * Level 3.0 Transmutations
 + Level 1.2 Poison Magic


You couldn't memorise any spells.
You knew the following spells:

 Your Spells              Type           Power        Failure   Level  Hunger
a - Beastly Appendage     Tmut           ##....       32%         1    #......
b - Sticks to Snakes      Tmut           ##......     45%         2    ##.....
c - Spider Form           Tmut/Pois      #.........   82%         3    ###....
d - Blade Hands           Tmut           ##........   100%        5    ######.


Dungeon Overview and Level Annotations

Branches:
Dungeon (4/15)
 Temple: D:4-7

Altars:
Cheibriados
Uskayaw
Wu Jian


Innate Abilities, Weirdness & Mutations

You have extremely sharp teeth.
Your natural rate of healing is unusually fast.
When hurt, damage is shared between your health and your magic reserves.
Your bite disrupts and absorbs the magic of your enemies.
Potions cannot restore your health.
You are immune to rotting.


Message History

You bite the worker ant, but do no damage.
The worker ant is lightly wounded.
The worker ant barely misses you.
You hit the worker ant.
The worker ant is moderately wounded.
You are feeling hungry.
The worker ant bites you!
* * * LOW HITPOINT WARNING * * *
You hit the worker ant but do no damage.
The worker ant is moderately wounded.
The worker ant bites you.
* * * LOW HITPOINT WARNING * * *
You are poisoned.
The worker ant poisons you! The worker ant closely misses you.
You hit the worker ant.
The worker ant is heavily wounded.
You feel sick.
The worker ant waves its antennae.
The worker ant bites you.
You die...

#.............#
#....#.........# .#
#....####......# .# #
#....# #......# .. .#
# #....# ########
.#..#.. ..##########
.#... #..........# ...
## #..........#
#####o#...#
#..........# #..@ao..#
#..........###.###Z###
#..........'.....#...
##.........#########.#
########### ##


You could see a worker ant, an orc priest, an orc wizard and an adder skeleton.

Vanquished Creatures
  4 orc wizards
  2 worker ants
  2 adders (D:2)
  A worm (D:3)
  3 leopard geckos
  8 orcs
  7 giant cockroaches
  10 goblins
  6 hobgoblins
  2 jackals (D:2)
  9 kobolds
  2 quokkas
  2 ball pythons
  10 bats
  4 frilled lizards
  8 rats
80 creatures vanquished.

Notes
Turn   | Place    | Note
-------+----------+-------------------------------------------
     0 | D:1      | Descartes the Vine Stalker Transmuter began the quest for the Orb.
     0 | D:1      | Reached XP level 1. HP: 9/9 MP: 4/4
   200 | D:1      | Reached XP level 2. HP: 12/14 MP: 4/6
   730 | D:1      | Reached skill level 1 in Stealth
  1043 | D:1      | Learned a level 1 spell: Beastly Appendage
  1046 | D:1      | Learned a level 2 spell: Sticks to Snakes
  1590 | D:2      | Reached XP level 3. HP: 14/17 MP: 7/7
  2040 | D:2      | Learned a level 3 spell: Spider Form
  2607 | D:2      | Gained mutation: Your natural rate of healing is unusually fast. [Vine Stalker growth]
  2607 | D:2      | Reached XP level 4. HP: 21/21 MP: 5/9
  3180 | D:2      | Reached skill level 1 in Shields
  3180 | D:2      | Reached XP level 5. HP: 24/25 MP: 7/10
  3713 | D:3      | Reached skill level 1 in Poison Magic
  4098 | D:3      | Reached skill level 1 in Short Blades
  4105 | D:3      | Found a hide-covered altar of Uskayaw.
  4192 | D:3      | Found an ornate altar of the Wu Jian Council.
  4527 | D:4      | Found a snail-covered altar of Cheibriados.
  4575 | D:4      | Reached XP level 6. HP: 19/29 MP: 7/11
  4649 | D:4      | Learned a level 5 spell: Blade Hands
  4657 | D:4      | Reached skill level 1 in Fighting
  4663 | D:4      | Slain by a worker ant

Skill      XL: |  1  2  3  4  5  6 |
---------------+-------------------+-----
Stealth        | 1 2 |  2.1
Dodging        | 2 |  2.6
Shields        | 1 |  1.5
Spellcasting   | 3 |  3.0
Poison Magic   | 1 |  1.2
Short Blades   | 1 |  1.0
Fighting       | 1 |  1.1
Transmutations | 3 |  3.0
Armour         | |  0.3
Unarmed Combat | |  3.7

Action                   |  1- 3 |  4- 6 || total
-------------------------+-------+-------++-------
Melee: Unarmed           |    62 |       ||    62
       Kick              |     4 |     8 ||    12
       Bite              |    24 |    23 ||    47
       Headbutt          |     2 |     3 ||     5
       Short sword       |    16 |       ||    16
       Dagger            |    47 |   128 ||   175
 Cast: Beastly Appendage |    13 |    15 ||    28
  Use: Scroll            |     4 |     4 ||     8
 Stab: Sleeping          |       |     3 ||     3
  Eat: Chunk             |     2 |     7 ||     9
       Ration            |     1 |       ||     1
Armor: Robe              |    39 |    35 ||    74
Dodge: Dodged            |    57 |    64 ||   121
Block: Shield            |    43 |    46 ||    89
